 Dungeon Crawl Stone Soup version 0.28-a0-998-gb9e9c7b67e (webtiles) character file.

Game seed: 6306596983337196001

22 demibob the Skirmisher (level 2, -1/24 HPs)
             Began as a Demonspawn Wanderer on Dec 6, 2021.
             Was a Follower of Cheibriados.
             Frozen to death by an endoplasm (2 damage)
             ... on level 1 of the Dungeon.
             The game lasted 00:01:24 (563 turns).

demibob the Skirmisher (Demonspawn Wanderer)         Turns: 563, Time: 00:01:24

Health: -1/24      AC:  6    Str: 14    XL:     2   Next: 68%
Magic:  2/2        EV: 10    Int: 16    God:    Cheibriados [*.....]
Gold:   9          SH:  0    Dex: 13    Spells: 1/1 levels left

rFire   . . .      SeeInvis .   a - +0 quarterstaff
rCold   . . .      Faith    .   (shield currently unavailable)
rNeg    . . .      Spirit   .   c - +0 ring mail
rPois   .          Reflect  .   (no helmet)
rElec   .          Harm     .   (no cloak)
rCorr   .          Rampage  .   (no gloves)
Will    .....                   (no boots)
Stlth   +.........              (no amulet)
HPRegen 0.08/turn               (no ring)
MPRegen 0.08/turn               (no ring)

@: very slow
A: rugged brown scales 1
a: Renounce Religion, Bend Time


You were on level 1 of the Dungeon.
You worshipped Cheibriados.
Cheibriados was aware of your devotion.
You visited 1 branch of the dungeon, and saw 1 of its levels.

You collected 9 gold pieces.


Innate Abilities, Weirdness & Mutations

You are partially covered in rugged brown scales. (AC +1, +3% HP)


   Skills:
 - Level 3.0 Fighting
 + Level 2.5 Staves
 - Level 1.0 Throwing
 - Level 1.7 Armour
 - Level 1.7 Dodging
 - Level 1.0 Stealth


You had one spell level left.
You didn't know any spells.
Your spell library was empty.

Inventory:

Hand Weapons
 a - a +0 quarterstaff (weapon)
 d - a +2 dagger
Armour
 c - a +0 ring mail (worn)
Scrolls
 e - a scroll of holy word {unknown}
 f - 3 scrolls of teleportation {unknown}

Dungeon Overview and Level Annotations

Branches:
Dungeon (1/15)

Altars:
Cheibriados

...###..#
...###.=##########
.......>.........#
..#...∩.)♣..8..∩.#
...........).....#
................g#
##.♣.....⚑..♣J.♣.#
#............gJh#
#..............@#
#.∩..∩..8..∩..♣.#
#...............#
#...............#
#....∩..∩..♣..∩.#
##..............#
........# ..8..♣.#


You could see 2 endoplasms, a jackal and 2 goblins.


Message History

An endoplasm comes into view.
The endoplasm quivers.
You see here a rat corpse.
An endoplasm comes into view.
The endoplasm quivers.
The goblin shouts!
Your extra speed is starting to run out.
There is a faded altar of an unknown god here.
You cannot tell which god this altar belongs to.
Convert to them anyway?
Cheibriados accepts your prayer! Cheibriados welcomes you!
Cheibriados begins to support your attributes as your movement slows.
Cheibriados is now slowing the effects of poison on you.
You can now bend time to slow others.
Cheibriados raises the support of your attributes as your movement slows.
You aren't carrying any potions.
The goblin throws a stone.
The stone barely misses you.
You see here a +0 short sword.
You feel yourself slow down. The jackal barely misses you.
The jackal bites you.
* * * LOW HITPOINT WARNING * * *
The jackal barely misses you. The goblin hits you but does no damage.
The jackal bites you but does no damage.
The endoplasm hits you.
* * * LOW HITPOINT WARNING * * *
The jackal bites you but does no damage.
The endoplasm freezes you.
You are frozen.
You die...

Skill      XL: |  1  2 |
---------------+-------+-----
Staves         | 2 |  2.5
Fighting       | |  3.0
Throwing       | |  1.0
Armour         | |  1.7
Dodging        | |  1.7
Stealth        | |  1.0

Action                   || total
-------------------------++-------
Melee: Quarterstaff      ||    81
  Use: Potion            ||     1
Armor: Ring mail         ||    47
Dodge: Dodged            ||    48

Levels and vault maps discovered:
D:1:      sevenhm_arrival_forest_fort_small_3, layout_basic,
          hellmonk_ecumenical_altar_arch_garden

Notes
Turn   | Place    | Note
-------+----------+-------------------------------------------
     0 | D:1      | demibob the Demonspawn Wanderer began the quest for the
                  | Orb.
     0 | D:1      | demibob set off with the following items: a +2 dagger, a
                  | potion of haste {@q3}, a +0 ring mail, a +0 quarterstaff
     0 | D:1      | Reached XP level 1. HP: 18/18 MP: 1/1
   270 | D:1      | Gained mutation: You are partially covered in rugged brown
                  | scales. (AC +1, +3% HP) [demonic ancestry]
   270 | D:1      | Reached XP level 2. HP: 18/24 MP: 2/2
   413 | D:1      | Reached skill level 2 in Staves
   472 | D:1      | Found a faded altar of an unknown god.
   528 | D:1      | HP: 2/24 [goblin (2)]
   553 | D:1      | Prayed at the altar of an unknown god.
   553 | D:1      | Became a worshipper of Cheibriados the Contemplative
   553 | D:1      | Reached * piety under Cheibriados
   559 | D:1      | HP: 2/24 [jackal (2)]
   563 | D:1      | Frozen to death by an endoplasm

Vanquished Creatures
  3 endoplasms (D:1)
  A giant cockroach (D:1)
  3 goblins (D:1)
  3 hobgoblins (D:1)
  3 jackals (D:1)
  A quokka (D:1)
  A ball python (D:1)
  A frilled lizard (D:1)
  2 rats (D:1)
18 creatures vanquished.

Table legend: (Time is in decaauts)
 A = Elapsed time spent in this place.
 B = Non-inter-level travel time spent in this place.
 C = Inter-level travel time spent in this place.
 D = Time resting spent in this place.
 E = Time spent auto-exploring this place.
 F = Levels seen in this place.
 G = Mean time per level.
                   A        B        C        D        E       F      G
               +--------+--------+--------+--------+--------+-----+--------+
         Total |    562 |    562 |      0 |    190 |    207 |   1 |  562.0 |
       Dungeon |    562 |    562 |      0 |    190 |    207 |   1 |  562.0 |
               +--------+--------+--------+--------+--------+-----+--------+

Top non-repeatable levels by time:
     D:1: 562 daAuts

Table legend:
 A = Non-vault XP
 B = Vault XP
 C = Vault XP percentage of total XP
 D = Non-vault monster count
 E = Vault monster count
 F = Vault count percentage of total count
                 A         B        C        D         E       F
            +---------+---------+-------+---------+---------+-------
      Total |      32 |       0 |   0.0 |      18 |       0 |   0.0
            +---------+---------+-------+---------+---------+-------
        D:1 |      32 |       0 |   0.0 |      18 |       0 |   0.0
            +---------+---------+-------+---------+---------+-------
